 Dungeon Crawl Stone Soup version 0.19.5 (webtiles) character file.

31 miragecloak the Changer (level 3, 0/26 HPs)
             Began as a Demonspawn Transmuter on Apr 19, 2017.
             Succumbed to an adder's poison
             ... on level 2 of the Dungeon.
             The game lasted 00:01:16 (950 turns).

miragecloak the Changer (Demonspawn Transmuter)      Turns: 950, Time: 00:01:17

Health: 0/26       AC:  2    Str: 10    XL:     3   Next: 7%
Magic:  1/6        EV: 14    Int: 14    God:
Gold:   93         SH:  0    Dex: 14    Spells: 1 memorised, 5 levels left

rFire  . . .     SeeInvis .       - Unarmed
rCold  . . .     Gourm    .     b - +0 robe
rNeg   . . .     Faith    .     (no shield)
rPois  .         Spirit   +     (no helmet)
rElec  .         Reflect  .     (no cloak)
rCorr  .         Harm     .     (no gloves)
MR     .....                    (boots currently unavailable)
Stlth  +.........               (no amulet)
                                (no ring)
                                (no ring)

@: lethally poisoned (0 -> -8), appendage
A: talons 3, repulsion field 1, magic shield
a: End Transformation


You were on level 2 of the Dungeon.
You were hungry.
You had grown temporary talons.
You visited 1 branch of the dungeon, and saw 2 of its levels.

You collected 93 gold pieces.

Inventory:

Missiles
 a - 12 arrows
Armour
 b - a +0 robe (worn)
Scrolls
 e - 2 scrolls of teleportation {unknown}
 f - a scroll of noise {unknown}
 g - a scroll of enchant armour {unknown}
 i - 2 scrolls of identify {unknown}
 j - a scroll of fog {unknown}
Potions
 h - a potion of resistance {unknown}
 k - a potion of heal wounds {unknown}
 l - a potion of might {unknown}
 m - a potion of haste {unknown}
Books
 c - a book of Changes

   Spells                             Type                      Level
   a - Beastly Appendage              Transmutation                1
   b - Sticks to Snakes               Transmutation                2
   c - Spider Form                    Transmutation/Poison         3
   d - Ice Form                       Ice/Transmutation            4
   e - Blade Hands                    Transmutation                5
Comestibles
 d - 2 bread rations


   Skills:
 - Level 1.0 Fighting
 - Level 1.7 Dodging
 - Level 2.6 Unarmed Combat
 - Level 2.0 Spellcasting
 + Level 3.2 Transmutations


You had 5 spell levels left.
You knew the following spells:

 Your Spells              Type           Power        Failure   Level  Hunger
a - Beastly Appendage     Tmut           ##....       10%         1    ##.....


Dungeon Overview and Level Annotations

Branches:
Dungeon (2/15)

Altars:


Innate Abilities, Weirdness & Mutations

You are surrounded by a mild repulsion field. (EV +2)
When hurt, damage is shared between your health and your magic reserves.
You have claws for feet.


Message History

The adder poisons you!
Casting: Beastly Appendage
Confirm with . or Enter, or press ? or * to list all spells.
You extend your transformation's duration.
You are feeling hungry.
* * * LOW HITPOINT WARNING * * *
You feel sick. The adder bites you but does no damage.
You hit the adder. You claw the adder.
The adder is almost dead.
The adder barely misses you.
You hit the adder.
You kill the adder!
You have reached level 3!
Your experience leads to an increase in your attributes!
Increase (S)trength, (I)ntelligence, or (D)exterity?
You feel agile.
Your demonic ancestry asserts itself...
You begin to radiate repulsive energy.
* * * LOW HITPOINT WARNING * * *
You feel sick.
You die...

............#
#...........# ######.##
#...........# .........
#...........# #......#
#...........#####......#
#..............##......#
#...........##.##......#
#...........##.##......#
#...........##..@K#
#...........#####.#
##......##### ..#
#.<....#######.#.#
#.......(...<#....
#.....######## #.#
#............ ...
#............ ?.#
#............


You could see a kobold.

Vanquished Creatures
  An adder (D:2)
  A leopard gecko (D:1)
  2 giant cockroaches (D:1)
  6 goblins (D:1)
  A hobgoblin (D:2)
  A quokka (D:2)
  A bat (D:1)
  3 frilled lizards (D:1)
  4 kobolds (D:1)
  2 rats (D:1)
22 creatures vanquished.

Notes
Turn   | Place    | Note
-------+----------+-------------------------------------------
     0 | D:1      | miragecloak the Demonspawn Transmuter began the quest for the Orb.
     0 | D:1      | Reached XP level 1. HP: 15/15 MP: 3/3
    31 | D:1      | Reached skill level 2 in Transmutations
   513 | D:1      | Gained mutation: When hurt, damage is shared between your health and your magic reserves. [demonic ancestry]
   513 | D:1      | Reached XP level 2. HP: 21/21 MP: 3/5
   939 | D:2      | Reached skill level 3 in Transmutations
   949 | D:2      | Gained mutation: You are surrounded by a mild repulsion field. (EV +2) [demonic ancestry]
   949 | D:2      | Reached XP level 3. HP: 2/26 MP: 1/6
   949 | D:2      | HP: 1/26 [poisoned by an adder]
   950 | D:2      | Succumbed to an adder's poison

Skill      XL: |  1  2 |
---------------+-------+-----
Transmutations | 2 3 |  3.2
Fighting       | |  1.0
Dodging        | |  1.7
Unarmed Combat | |  2.6
Spellcasting   | |  2.0

Action                   || total
-------------------------++-------
Melee: Unarmed           ||    67
       Headbutt          ||     3
       Kick              ||     3
 Cast: Beastly Appendage ||    15
 Stab: Sleeping          ||     1
Armor: Robe              ||     4
Dodge: Dodged            ||    46
